 Dungeon Crawl Stone Soup version 0.26.0-16-gc1dbca0489 (webtiles) character file.

Game seed: 10875417852705237148

2721 Marvel the Cleaver (level 9, -4/81 HPs)
             Began as a Hill Orc Fighter on Jan 21, 2021.
             Was a Follower of Okawaru.
             Slain by a hornet (6 damage)
             ... while paralysed by a hornet
             ... on level 7 of the Dungeon.
             The game lasted 00:15:39 (8645 turns).

Marvel the Cleaver (Hill Orc Fighter)               Turns: 8645, Time: 00:15:41

Health: -4/81      AC: 11    Str: 20 (22) XL:     9   Next: 66%
Magic:  9/9        EV:  2    Int:  8      God:    Okawaru [*.....]
Gold:   167        SH:  0    Dex: 10      Spells: 8/8 levels left

rFire    . . .     SeeInvis .   a - +1 war axe
rCold    . . .     Faith    .   c - +1 kite shield
rNeg     . . .     Spirit   .   r - +0 plate armour
rPois    .         Reflect  .   (no helmet)
rElec    .         Harm     .   (no cloak)
rCorr    .         Rampage  .   (no gloves)
Will     .....                  (no boots)
Stlth    ..........             (no amulet)
HPRegen  0.23/turn              y - ring of attention (curse)
MPRegen  0.11/turn              (no ring)

@: paralysed, lethally poisoned (-4 -> -7), berserk cooldown, slowed
A: no striking features
a: Renounce Religion, Heroism


You were on level 7 of the Dungeon.
You worshipped Okawaru.
Okawaru was aware of your devotion.
You visited 2 branches of the dungeon, and saw 8 of its levels.

You collected 391 gold pieces.
You spent 224 gold pieces at shops.

Inventory:

Hand Weapons
 a - a +1 war axe (weapon)
 v - a +1 morningstar of holy wrath
Missiles
 f - 8 boomerangs (quivered)
Armour
 c - a +1 kite shield (worn)
 r - a +0 plate armour (worn)
Jewellery
 n - an uncursed ring of ice
 y - a cursed ring of attention (left hand)
Wands
 h - a wand of polymorph (1)
 s - a wand of iceblast (8)
 A - a wand of flame (21)
 B - a wand of paralysis (5)
Scrolls
 b - a scroll of magic mapping {unknown}
 g - 5 scrolls of identify
 j - 2 scrolls of fog
 l - 3 scrolls of amnesia
 x - 4 scrolls of teleportation
Potions
 d - 4 potions of might
 e - 2 potions of flight
 i - 2 potions of ambrosia {unknown}
 k - 2 potions of berserk rage
 m - 3 potions of degeneration {unknown}
 o - 2 potions of attraction
 p - 3 potions of haste {unknown}
 q - 3 potions of curing
 t - a potion of brilliance
 u - a potion of heal wounds
 w - a potion of cancellation
 z - 2 potions of magic {unknown}


   Skills:
 + Level 8.1 Fighting
 + Level 13.4 Axes
 + Level 1.9 Throwing
 - Level 4.1 Armour
 - Level 0.4 Dodging
 - Level 3.8 Shields
 + Level 1.3 Unarmed Combat


You had 8 spell levels left.
You didn't know any spells.
Your spell library was empty.

Dungeon Overview and Level Annotations

Branches:
Dungeon (7/15)             Temple (1/1) D:4

Altars:
Ashenzari
Cheibriados
Dithmenos
Elyvilon
Fedhas
Gozag
Kikubaaqudgha
Makhleb
Nemelex Xobeh
Okawaru
Qazlal
Ru
Sif Muna
Trog
Uskayaw
Vehumet
Wu Jian
Xom
Yredelemnul
Zin
The Shining One

Shops:
D:4 *   D:7 !


Message History

The ogre is moderately wounded.
The ogre barely misses you.
You slash the ogre!
The ogre is severely wounded.
The ogre hits you with a +0 giant club!
* * * LOW HITPOINT WARNING * * *
You slice the ogre!!
You kill the ogre!
That felt strangely unrewarding.
You slash the hornet!
The hornet is moderately wounded.
The hornet stings you.
* * * LOW HITPOINT WARNING * * *
You are poisoned.
You suddenly lose the ability to move!
You are no longer berserk.
You feel yourself slow down.
* * * LOW HITPOINT WARNING * * *
You feel sick. The hornet barely misses you. The hornet stings you.
You die...

#.....##.......#
#.###.##>......# #.#
#.##.....†.#
#.###.......##.##
#.....##.####.#.####
###.####.###.###....
#....)......#.####
#####
#y#####.####.###..
....##
#@##..l.[....# #.#
##.#.#########
#....#..####.# #.#
..###........#
#.####..## #.# #.#
.#.#.#######.#
#......... #.# #.#
....## #.#
#.......#.##.###.#
....# ###
######.#...#.##...
#####
..##.......##...
#.####...####...
#####.# #...# ##..


You could see a hornet.

Vanquished Creatures
  Maggie (D:6)
  A polar bear (D:7)
  Eustachio (D:4)
  Duvessa (D:5)
  A water moccasin (D:7)
  3 ice beasts
  2 black bears (D:7)
  2 orc warriors
  5 ogres
  3 phantoms
  A centaur (D:5)
  A bullfrog (D:7)
  Dowan (D:5)
  A scorpion (D:7)
  A howler monkey (D:6)
  2 bullfrog zombies
  A hound (D:4)
  An orc priest (D:7)
  A bullfrog skeleton (D:6)
  2 jellies (D:7)
  2 centaur skeletons
  3 iguanas
  An orc wizard (D:7)
  3 worker ants
  4 hound skeletons
  A hound zombie (D:4)
  7 adders
  4 gnolls
  3 shadow imps
  5 oozes
  2 adder zombies
  2 adder skeletons
  2 worms
  3 dart slugs
  3 leopard geckos
  9 orcs
  3 bats
  3 giant cockroaches
  8 goblins
  10 hobgoblins
  8 jackals
  4 kobolds
  3 quokkas
  A ball python skeleton (D:5)
  3 frilled lizards
  A jackal skeleton (D:7)
  2 quokka skeletons
  2 rats (D:1)
134 creatures vanquished.

Vanquished Creatures (others)
  A bullfrog skeleton (D:4)
  A leopard gecko (D:4)
2 creatures vanquished.

Grand Total: 136 creatures vanquished

Notes
Turn   | Place    | Note
-------+----------+-------------------------------------------
     0 | D:1      | Marvel the Hill Orc Fighter began the quest for the Orb.
     0 | D:1      | Reached XP level 1. HP: 19/19 MP: 1/1
    84 | D:1      | Reached XP level 2. HP: 19/27 MP: 2/2
   305 | D:1      | Reached skill level 3 in Axes
   544 | D:1      | Reached XP level 3. HP: 33/33 MP: 3/3
  1015 | D:2      | Found a blossoming altar of Fedhas.
  1240 | D:2      | Reached XP level 4. HP: 40/40 MP: 4/4
  1769 | D:3      | Reached skill level 4 in Axes
  2404 | D:3      | Found a faded altar of an unknown god.
  2462 | D:3      | Noticed a phantom
  2483 | D:3      | Killed a phantom
  2484 | D:3      | Reached skill level 5 in Axes
  2484 | D:3      | Reached XP level 5. HP: 31/47 MP: 5/5
  2534 | D:3      | Became a worshipper of Vehumet
  2534 | D:3      | Reached * piety under Vehumet
  2534 | D:3      | Offered knowledge of Magic Dart by Vehumet.
  2707 | D:4      | Noticed an ogre
  2713 | D:4      | Killed an ogre
  2714 | D:4      | Reached skill level 6 in Axes
  2714 | D:4      | Reached XP level 6. HP: 23/53 MP: 6/6
  2905 | D:4      | Found a staircase to the Ecumenical Temple.
  2915 | Temple   | Entered the Ecumenical Temple
  3189 | Temple   | Fell from the grace of Vehumet
  3189 | Temple   | Became a worshipper of Trog the Wrathful
  3250 | D:4      | Noticed Eustachio
  3322 | D:5      | Entered Level 5 of the Dungeon
  3335 | D:5      | Found a snail-covered altar of Cheibriados.
  3366 | D:5      | HP: 2/53 [centaur (8)]
  3374 | D:5      | Reached skill level 7 in Axes
  3690 | D:5      | Noticed Duvessa
  3754 | D:4      | Reached XP level 7. HP: 58/60 MP: 7/7
  3799 | D:4      | Reached skill level 5 in Fighting
  3944 | D:4      | Reached skill level 8 in Axes
  3944 | D:4      | Reached skill level 1 in Throwing
  4039 | D:4      | Found Tepsueh's Assorted Antiques.
  4121 | D:4      | Killed Eustachio
  4122 | D:4      | Reached skill level 9 in Axes
  4240 | D:4      | Reached * piety under Trog
  4482 | D:5      | Killed Duvessa
  4483 | D:5      | Reached XP level 8. HP: 55/70 MP: 8/8
  4500 | D:5      | Noticed Dowan
  4693 | D:5      | Killed Dowan
  4866 | D:5      | Reached skill level 10 in Axes
  5152 | D:5      | Found a sacrificial altar of Ru.
  5607 | D:6      | Noticed Maggie
  5639 | D:6      | Killed Maggie
  5640 | D:6      | Reached skill level 11 in Axes
  6329 | D:6      | Reached skill level 12 in Axes
  6329 | D:6      | Reached XP level 9. HP: 32/79 MP: 9/9
  6702 | D:7      | Reached skill level 1 in Unarmed Combat
  7293 | D:7      | Found Muewk's Distillery.
  7315 | D:7      | Bought a potion of flight for 42 gold pieces
  7315 | D:7      | Bought a potion of berserk rage for 70 gold pieces
  7315 | D:7      | Bought a potion of cancellation for 112 gold pieces
  7602 | D:7      | Reached ** piety under Trog
  7677 | D:7      | Found an iron altar of Okawaru.
  7724 | D:7      | Was forgiven by Vehumet
  7902 | D:7      | Fell from the grace of Trog
  7902 | D:7      | Became a worshipper of Warmaster Okawaru
  8252 | D:7      | Noticed a hornet
  8273 | D:7      | Reached skill level 13 in Axes
  8379 | D:7      | Paralysed by an orc warrior for 2 turns
  8383 | D:7      | Paralysed by an orc warrior for 3 turns
  8389 | D:7      | Reached * piety under Okawaru
  8626 | D:7      | Noticed a polar bear
  8640 | D:7      | Killed a polar bear
  8644 | D:7      | HP: 5/121 [hornet (3)]
  8644 | D:7      | Paralysed by a hornet for 1 turns
  8645 | D:7      | HP: 2/81 [poisoned by a hornet]
  8645 | D:7      | Slain by a hornet

Illustrated notes

Levels and vault maps discovered:
D:1:      saegor_arrival_simple_c, layout_basic
D:2:      layout_basic, general_overflow_altar, kennysheep_generic_room_11
D:3:      layout_basic, chequers_ecumenical_altar_simple, hex_intersection
D:4:      layout_basic, minmay_temple_entry_purple_smoke, serial_shops,
          kennysheep_little_box, lemuel_old_faithful, uniq_eustachio
D:5:      layout_basic, kennysheep_slug_shrine, basic_altar, uniq_duvessa
D:6:      layout_basic, mrwooster_statue_mirror, uniq_maggie
D:7:      hangedman_cross_stitches, layout_loops_cross, okawaru_trees_2,
          nzn_hepliaklqana_mist_gate, serial_shops, shop, minmay_ruined_shrine
Temple:   dpeg_five_rooms_temple

Skill      XL: |  1  2  3  4  5  6  7  8  9 |
---------------+----------------------------+-----
Axes           | 3 5 6 7 9 12 13 | 13.4
Armour         | 4 |  4.1
Fighting       | 4 5 7 8 |  8.1
Throwing       | 1 |  1.9
Unarmed Combat | 1 |  1.3
Dodging        | |  0.4
Shields        | |  3.8

Action                   |  1- 3 |  4- 6 |  7- 9 || total
-------------------------+-------+-------+-------++-------
Melee: War axe           |    69 |   168 |   343 ||   580
       Unarmed           |       |       |     3 ||     3
Throw: Boomerang         |     7 |     7 |     8 ||    22
  Use: Scroll            |       |     6 |     2 ||     8
       Potion            |       |     3 |     2 ||     5
Armor: Scale mail        |    32 |   116 |    59 ||   207
       Skin              |       |       |    11 ||    11
       Plate armour      |       |       |    74 ||    74
Dodge: Dodged            |    19 |    62 |    56 ||   137
Block: Kite shield       |    29 |   111 |   130 ||   270
